 Seeded DCSS version 0.30-a0-570-g486de37d69 (webtiles) character file.

Game seed: 3692568010453679489 (custom seed)

894 wilfster70 the Chiller (level 8, -2/46 (58) HPs)
             Began as a Gnoll Ice Elementalist on Dec 29, 2022.
             Was a Follower of Okawaru.
             Slain by Edmund
             ... wielding a +2 flail of draining
              (3 damage)
             ... on level 5 of the Dungeon.
             The game lasted 00:14:01 (5293 turns).

wilfster70 the Chiller (Gnoll Ice Elementalist)     Turns: 5293, Time: 00:14:02

HP:   -2/46 (58)    AC: 11    Str: 13    XL:     8   Next: 6%
MP:   10/16         EV: 12    Int: 17    God:    Okawaru [*.....]
Gold: 183           SH:  0    Dex: 13    Spells: 9/18 levels left

rFire   . . .      SeeInvis .    b - +1 short sword (venom)
rCold   + . .      Faith    .    (no shield)
rNeg    . . .      Spirit   .    x - +1 ring mail {rC+}
rPois   .          Reflect  .    (no helmet)
rElec   .          Harm     .    q - +0 cloak
rCorr   .          Rampage  .    (no gloves)
Will    .....                    (no boots)
Stlth   ++                       (no amulet)
HPRegen 0.27/turn                c - +6 ring of strength
MPRegen 0.15/turn                (no ring)

@: ice-armoured, freezing walls, heavily drained
A: fangs 1, strong nose, distributed training
a: Renounce Religion, Heroism


You were on level 5 of the Dungeon.
You worshipped Okawaru.
Okawaru was aware of your devotion.
You visited 1 branch of the dungeon, and saw 6 of its levels.

You collected 183 gold pieces.

Inventory:

Hand Weapons
 a - a +0 dagger of venom
 b - a +1 short sword of venom (weapon)
Missiles
 f - 6 silver javelins
 j - 4 boomerangs
Armour
 q - a +0 cloak (worn)
 x - a +1 ring mail of cold resistance (worn)
Jewellery
 c - a +6 ring of strength (left hand)
Wands
 k - a wand of polymorph (9)
 u - a wand of light (8)
Scrolls
 e - 2 scrolls of immolation {unknown}
 h - a scroll of amnesia {unknown}
 l - a scroll of brand weapon {unknown}
 m - a scroll of fear
 n - a scroll of enchant weapon {unknown}
 o - a scroll of vulnerability {unknown}
 r - 2 scrolls of identify
 t - a scroll of blinking {unknown}
Potions
 g - a potion of brilliance
 i - a potion of invisibility {unknown}
 p - 2 potions of might {unknown}
 s - 5 potions of magic
 v - a potion of haste {unknown}
 w - a potion of curing {unknown}


   Skills:
 + Level 3.0 Fighting
 + Level 3.0 Short Blades
 + Level 3.0 Long Blades
 + Level 3.0 Axes
 + Level 3.0 Maces & Flails
 + Level 3.0 Polearms
 + Level 3.0 Staves
 + Level 3.0 Ranged Weapons
 + Level 3.0 Throwing
 + Level 3.0 Armour
 + Level 5.5 Dodging
 + Level 5.2 Stealth
 + Level 3.0 Shields
 + Level 3.0 Unarmed Combat
 + Level 5.9 Spellcasting
 + Level 2.4 Conjurations
 + Level 2.4 Hexes
 + Level 2.4 Summonings
 + Level 2.4 Necromancy
 + Level 2.4 Translocations
 + Level 2.4 Transmutations
 + Level 2.4 Fire Magic
 + Level 7.5 Ice Magic
 + Level 2.4 Air Magic
 + Level 2.4 Earth Magic
 + Level 2.4 Poison Magic
 + Level 3.3 Invocations
 + Level 3.0 Evocations


You had 9 spell levels left.
You knew the following spells:

 Your Spells              Type           Power      Damage    Failure   Level
a - Freeze                Ice            100%       1d10      1%          1
b - Frozen Ramparts       Ice            60%        1d10      3%          3
c - Ozocubu's Armour      Ice            30%        N/A       3%          3
d - Poisonous Vapours     Pois/Air       26%        N/A       14%         2

Your spell library contained the following spells:

 Spells                   Type           Power      Damage    Failure   Level
 Magic Dart               Conj           52%        1d5       10%         1
 Hailstorm                Conj/Ice       22%        3d7       10%         3
 Cigotuvi's Dreadful Rot  Necr/Pois/Air  26%        N/A       14%         2
 Searing Ray              Conj           26%        2d5       14%         2
 Mephitic Cloud           Conj/Pois/Air  13%        N/A       28%         3
 Portal Projectile        Hex/Tloc       26%        N/A       28%         3
 Vhi's Electric Charge    Tloc/Air       26%        N/A       28%         3
 Fulminant Prism          Conj/Hex       6%         3d6       67%         4
 Leda's Liquefaction      Hex/Erth       6%         N/A       67%         4
 Arcjolt                  Conj/Air       6%         1d16      95%         5
 Maxwell's Capacitive Co  Air            6%         ∞         100%        8
 Call Imp                 Summ           Unusable   N/A       N/A         2
 Call Canine Familiar     Summ           Unusable   N/A       N/A         3
 Summon Ice Beast         Ice/Summ       Unusable   N/A       N/A         4

Dungeon Overview and Level Annotations

Branches:
Dungeon (6/15)             Temple (0/1) D:5

Altars:
Okawaru

Annotations:
D:5 Edmund, Prince Ribbit


Innate Abilities, Weirdness & Mutations

You have very sharp teeth.
Your uncanny sense of smell can sniff out nearby items.
Your experience applies equally to all skills.


Message History

Edmund hits you with a +2 flail of draining!
You feel drained.
You climb upwards.
There is a stone staircase leading down, spattered with blood here.
As you read the scroll labelled ONUOGRAKEBI, it crumbles to dust.
You assume a fearsome visage.
Edmund easily resists.
Prince Ribbit looks frightened!
It was a scroll of fear.
Prince Ribbit blinks!
Edmund says, "People accused me of being a cutpurse!"
Edmund hits you with a +2 flail of draining!
You feel drained.
Prince Ribbit blinks!
Casting: Ozocubu's Armour (dangerous; 3% risk of failure)
Confirm with . or Enter, or press ? or * to list all spells.
A film of ice covers your body!
Prince Ribbit blinks!
Edmund misses you.
Casting: Ozocubu's Armour (dangerous; 3% risk of failure)
Confirm with . or Enter, or press ? or * to list all spells.
Casting: Frozen Ramparts (dangerous; 3% risk of failure)
Press: ? - help, Dir - look around, f - activate A stone staircase leading down, spattered with blood.
The walls around you are covered in ice.
Prince Ribbit blinks!
The wall freezes Edmund but does no damage.
Edmund hits you with a +2 flail of draining.
* * * LOW HITPOINT WARNING * * *
You feel drained.
* * * LOW HITPOINT WARNING * * *
The wall freezes Prince Ribbit.
Your attack snaps Prince Ribbit out of his fear.
Prince Ribbit seems to slow down.
You hit Edmund but do no damage.
Edmund is poisoned.
You punch Edmund, but do no damage.
The wall freezes Edmund.
Edmund closely misses you.
You hit Edmund but do no damage.
Edmund looks as sick as possible!
You bite Edmund, but do no damage.
Edmund is lightly wounded.
Prince Ribbit hits you but does no damage.
The wall freezes Edmund.
Edmund hits you with a +2 flail of draining!
* * * LOW HITPOINT WARNING * * *
You feel drained.
You die...

#...##....# #..###.#
###...##.8⌠.####.....)##
#.............##.......#
#......§.8⌠.>..........#
##........)..§.#######..#
#.........8⌠............#
#######.#....#.......########>#
.....##.#.######.F.### #<#
####.##.#.# #@@.# #.# #.##<#.#
##### #.# ####.##)#.#
###############.# ......))#.#
#...............# ..........#
#.############### ####.######
#.# #.##########.#
#............# ##############


You could see Edmund (extremely poisoned) and Prince Ribbit (slow).

Vanquished Creatures
  An ice beast (D:5)
  A phantom (D:4)
  2 necrophages (D:5)
  A gnoll sergeant (D:5)
  A scorpion (D:4)
  An orc priest (D:3)
  A hound (D:5)
  A gnoll bouda (D:5)
  An iguana (D:5)
  2 orc wizards
  Ijyb (D:4)
  Terence (D:2)
  7 gnolls (D:5)
  8 adders
  A white imp (D:4)
  An ufetubus (D:4)
  2 worms
  5 dart slugs
  9 orcs
  6 ball pythons
  8 bats
  3 endoplasms
  2 giant cockroaches (D:1)
  9 hobgoblins
  2 quokkas
  2 frilled lizards (D:1)
  6 goblins
  7 kobolds
  7 rats
99 creatures vanquished.

Vanquished Creatures (others)
  An orc wizard (D:4)
1 creature vanquished.

Grand Total: 100 creatures vanquished

Notes
Turn   | Place    | Note
-------+----------+-------------------------------------------
     0 | D:1      | wilfster70 the Gnoll Ice Elementalist began the quest for
                  | the Orb.
     0 | D:1      | Reached XP level 1. HP: 13/13 MP: 6/6
    94 | D:1      | Reached XP level 2. HP: 19/20 MP: 2/7
   327 | D:1      | Reached skill level 5 in Spellcasting
   327 | D:1      | Reached XP level 3. HP: 24/25 MP: 7/9
   331 | D:1      | Learned a level 3 spell: Frozen Ramparts
   335 | D:1      | Learned a level 3 spell: Ozocubu's Armour
   490 | D:1      | Reached skill level 1 in Invocations
   822 | D:2      | Noticed Terence
   830 | D:2      | Killed Terence
   831 | D:2      | Reached skill level 1 in Fighting
   831 | D:2      | Reached skill level 1 in Short Blades
   831 | D:2      | Reached skill level 1 in Long Blades
   831 | D:2      | Reached skill level 1 in Axes
   831 | D:2      | Reached skill level 1 in Maces & Flails
   831 | D:2      | Reached skill level 1 in Polearms
   831 | D:2      | Reached skill level 1 in Staves
   831 | D:2      | Reached skill level 1 in Ranged Weapons
   831 | D:2      | Reached skill level 1 in Throwing
   831 | D:2      | Reached skill level 1 in Armour
   831 | D:2      | Reached skill level 1 in Shields
   831 | D:2      | Reached skill level 1 in Unarmed Combat
   831 | D:2      | Reached skill level 1 in Evocations
   831 | D:2      | Reached XP level 4. HP: 31/32 MP: 3/11
  1024 | D:2      | Found a faded altar of an unknown god.
  1293 | D:2      | Reached skill level 1 in Conjurations
  1293 | D:2      | Reached skill level 1 in Hexes
  1293 | D:2      | Reached skill level 1 in Summonings
  1293 | D:2      | Reached skill level 1 in Necromancy
  1293 | D:2      | Reached skill level 1 in Translocations
  1293 | D:2      | Reached skill level 1 in Transmutations
  1293 | D:2      | Reached skill level 1 in Fire Magic
  1293 | D:2      | Reached skill level 1 in Air Magic
  1293 | D:2      | Reached skill level 1 in Earth Magic
  1293 | D:2      | Reached skill level 1 in Poison Magic
  1493 | D:3      | Found an iron altar of Okawaru.
  1538 | D:3      | Reached XP level 5. HP: 35/37 MP: 6/12
  1546 | D:3      | Became a worshipper of Warmaster Okawaru
  1742 | D:3      | HP: 1/37 [orc priest/divine providence (11)]
  2308 | D:3      | You fall into a shaft and drop 2 floors!
  2308 | D:5      | Entered Level 5 of the Dungeon
  2327 | D:5      | Reached XP level 6. HP: 39/44 MP: 11/14
  3066 | D:4      | Reached skill level 5 in Dodging
  3216 | D:4      | Reached * piety under Okawaru
  3303 | D:4      | Reached XP level 7. HP: 7/50 MP: 12/15
  3525 | D:4      | Identified the +9 shortbow "Xeonn" {antimagic, +Blink rF-
                  | Str+4 Dex+6}
  3730 | D:4      | Noticed Ijyb
  3741 | D:4      | Killed Ijyb
  4232 | D:5      | Learned a level 2 spell: Poisonous Vapours
  4407 | D:5      | Reached skill level 5 in Stealth
  4762 | D:5      | Found a staircase to the Ecumenical Temple.
  5097 | D:6      | Noticed Edmund
  5098 | D:6      | Noticed Prince Ribbit
  5165 | D:5      | Reached XP level 8. HP: 29/54 MP: 16/16
  5293 | D:5      | HP: 1/47 [Edmund/+2 flail of draining (10)]
  5293 | D:5      | Slain by Edmund

Illustrated notes

Levels and vault maps discovered:
D:1:      minmay_arrival_five_plusses, layout_rooms
D:2:      layout_basic, hellmonk_ecumenical_altar_slurped_away,
          kennysheep_generic_room_9, uniq_terence
D:3:      layout_basic, okawaru_ov_weapons_minmay
D:4:      nicolae_cairo_tiling_very_big, layout_rooms, uniq_ijyb
D:5:      layout_loops_ring, minmay_temple_entry_drinking_statues
D:6:      layout_basic, chequers_garden, hangedman_abyss_or_decor_lesser_grid,
          uniq_edmund, uniq_prince_ribbit1

Skill      XL: |  1  2  3  4  5  6  7 |
---------------+----------------------+-----
Spellcasting   | 5 |  5.9
Invocations    | 1 2 3 |  3.3
Fighting       | 1 2 3 |  3.0
Short Blades   | 1 2 3 |  3.0
Long Blades    | 1 2 3 |  3.0
Axes           | 1 2 3 |  3.0
Maces & Flails | 1 2 3 |  3.0
Polearms       | 1 2 3 |  3.0
Staves         | 1 2 3 |  3.0
Ranged Weapons | 1 2 3 |  3.0
Throwing       | 1 2 3 |  3.0
Armour         | 1 2 3 |  3.0
Shields        | 1 2 3 |  3.0
Unarmed Combat | 1 2 3 |  3.0
Evocations     | 1 2 3 |  3.0
Conjurations   | 1 2 |  2.4
Hexes          | 1 2 |  2.4
Summonings     | 1 2 |  2.4
Necromancy     | 1 2 |  2.4
Translocations | 1 2 |  2.4
Transmutations | 1 2 |  2.4
Fire Magic     | 1 2 |  2.4
Air Magic      | 1 2 |  2.4
Earth Magic    | 1 2 |  2.4
Poison Magic   | 1 2 |  2.4
Dodging        | 5 |  5.5
Stealth        | 5 |  5.2
Ice Magic      | |  7.5

Action                   |  1- 3 |  4- 6 |  7- 9 || total
-------------------------+-------+-------+-------++-------
Melee: Unarmed           |     4 |    38 |     5 ||    47
       Short sword       |    28 |    85 |     2 ||   115
       Bite              |     1 |    11 |    24 ||    36
       Punch             |       |     1 |     4 ||     5
       Dagger            |       |       |   147 ||   147
 Cast: Freeze            |    29 |     1 |       ||    30
       Frozen Ramparts   |     2 |    13 |    11 ||    26
       Ozocubu's Armour  |     1 |     1 |     7 ||     9
  Use: Potion            |       |     3 |       ||     3
       Scroll            |       |     2 |     1 ||     3
 Stab: Sleeping          |     1 |     6 |     3 ||    10
       Distracted        |       |     1 |       ||     1
Armor: Robe              |     7 |    30 |    13 ||    50
       Skin              |       |     2 |       ||     2
       Ring mail         |       |       |    23 ||    23
Dodge: Dodged            |    36 |    78 |    90 ||   204

Table legend: (Time is in decaauts)
 A = Elapsed time spent in this place.
 B = Non-inter-level travel time spent in this place.
 C = Inter-level travel time spent in this place.
 D = Time resting spent in this place.
 E = Time spent auto-exploring this place.
 F = Levels seen in this place.
 G = Mean time per level.
                   A        B        C        D        E       F      G
               +--------+--------+--------+--------+--------+-----+--------+
         Total |   5268 |   4966 |    302 |   1307 |   2248 |   6 |  878.0 |
       Dungeon |   5268 |   4966 |    302 |   1307 |   2248 |   6 |  878.0 |
               +--------+--------+--------+--------+--------+-----+--------+

Top non-repeatable levels by time:
     D:3: 1355 daAuts
     D:4: 1257 daAuts
     D:2: 1032 daAuts
     D:5: 966 daAuts
     D:1: 617 daAuts
     D:6: 39 daAuts
